 Dungeon Crawl Stone Soup version 0.18-a0-1196-g09327cf (webtiles) character file.

32109 st0uf the Nimble (level 13, -5/116 HPs)
             Began as a Red Draconian Fighter on Jan 29, 2016.
             Slain by a red devil
             ... wielding a +0 trident
             ... summoned by Xom
              (21 damage)
             ... in a volcano on Jan 30, 2016.
             The game lasted 01:52:38 (14828 turns).

st0uf the Nimble (Red Draconian Fighter)           Turns: 14828, Time: 01:52:38

Health: -5/116     AC: 18    Str: 22    XL:     13   Next: 29%
Magic:  13/13      EV: 19    Int: 10    God:    Xom [*.....]
Gold:   850        SH:  0    Dex: 15    Spells: 0 memorised, 12 levels left

rFire  + . .     SeeInvis +     a - +1 long sword
rCold  . . .     Gourm    .     (armour unavailable)
rNeg   + . .     Faith    .     b - +0 shield
rPois  .         Spirit   .     i - +1 hat {SInv}
rElec  .         Dismiss  .     m - +2 cloak
rCorr  .         Reflect  .     j - +1 pair of gloves
SustAt .         Harm     .     Z - +2 pair of boots
MR     .....     Clarity  +     (no amulet)
Stlth  +.........               o - ring of positive energy
                                z - +4 ring of strength

@: confused, liquid flames, glowing, not resistant to hostile enchantments, very
unstealthy
A: breathe fire, unfitting armour, antennae 1, big wings, fangs 1, hooves 1,
blurry vision 2, clarity, fire resistance 1, shaggy fur 1, cold-blooded, AC +8
a: Breathe Fire, Fly, Renounce Religion


You were in a volcano.
You worshipped Xom.
You were a special plaything of Xom.
You were not hungry.

You visited 2 branches of the dungeon, and saw 16 of its levels.
You also visited: Volcano.

You collected 883 gold pieces.
You spent 33 gold pieces at shops.

Inventory:

Hand Weapons
 a - a +1 long sword (weapon)
 T - a +0 blowgun
Missiles
 U - 42 poisoned needles
Armour
 b - a +0 shield (worn)
 i - a +1 hat of see invisible (worn)
 j - a +1 pair of gloves (worn)
 m - a +2 cloak (worn)
 O - a +2 hat
 Z - a +2 pair of boots (worn)
Jewellery
 o - a ring of positive energy (right hand)
 y - an uncursed ring of wizardry
 z - a +4 ring of strength (left hand)
 K - an uncursed amulet of faith
 L - an uncursed ring of magical power
Wands
 p - a wand of enslavement (3/24)
 s - a wand of draining (10/15)
 u - a wand of paralysis (4/24)
 v - a wand of fireball (7/15)
 D - a wand of slowing (7/48)
 G - a wand of disintegration (10/24)
 V - a wand of polymorph (11/24)
 Y - a wand of random effects (6/48)
Scrolls
 g - 3 scrolls of magic mapping
 k - a scroll of recharging
 q - a scroll of fear
 r - 5 scrolls of identify
 w - 2 scrolls of teleportation
 A - 8 scrolls of remove curse
 B - 3 scrolls of enchant armour
 H - 4 scrolls of fog
 S - a scroll of summoning {unknown}
 W - a scroll of noise {unknown}
Potions
 c - 2 potions of might
 e - 5 potions of curing
 h - 3 potions of heal wounds {unknown}
 l - a potion of agility {unknown}
 n - a potion of lignification
 t - 3 potions of poison {unknown}
 x - 2 potions of resistance {unknown}
 F - 4 potions of cancellation {unknown}
 I - 3 potions of brilliance {unknown}
 J - a potion of mutation {unknown}
 Q - 4 potions of flight
 R - 3 potions of beneficial mutation {unknown}
Books
 C - a Necronomicon

   Spells                             Type                      Level
   a - Haunt                          Necromancy/Summoning         7
   b - Borgnjor's Revivification      Necromancy                   8
   c - Death's Door                   Charms/Necromancy            8
   d - Necromutation                  Transmutation/Necromancy     8
 N - a book of Burglary

   Spells                             Type                      Level
   a - Swiftness                      Charms/Air                   2
   b - Passwall                       Transmutation/Earth          3
   c - Passage of Golubria            Translocation                4
   d - Lee's Rapid Deconstruction     Earth                        5
   e - Darkness                       Hexes                        6
   f - Invisibility                   Hexes                        6
 P - a Young Poisoner's Handbook

   Spells                             Type                      Level
   a - Sting                          Conjuration/Poison           1
   b - Cure Poison                    Poison                       2
   c - Mephitic Cloud                 Conjuration/Poison/Air       3
   d - Olgreb's Toxic Radiance        Poison                       4
   e - Venom Bolt                     Conjuration/Poison           5
Miscellaneous
 X - a piece from Xom's chessboard
Comestibles
 d - 9 bread rations
 f - 5 meat rations


   Skills:
 + Level 11.6 Fighting
 + Level 11.4 Long Blades
 + Level 12.7 Dodging
 + Level 10.6 Shields
 + Level 0.2 Unarmed Combat
 + Level 1.1 Evocations


You had 12 spell levels left.
You didn't know any spells.

Dungeon Overview and Level Annotations

Branches:
Dungeon (10/15)            Temple (0/1) D:5            Lair (6/8) D:8
 Shoals (0/4) Lair:6        Snake (0/4) Lair:4        Slime (0/6) Lair:6
    Orc (0/2) D:10

Altars:
Ashenzari
Cheibriados
Dithmenos
Elyvilon
Fedhas
Gozag
Kikubaaqudgha
Makhleb
Nemelex Xobeh
Qazlal
Sif Muna
Vehumet
Xom
The Shining One

Shops:
D:4 !   D:8 :

Annotations:
D:10 Joseph, Snorg


Innate Abilities, Weirdness & Mutations

You can breathe blasts of fire.
Your fiery red scales are hard (AC +8).
Your body does not fit into most forms of armour.
Your flesh is heat resistant.
You are cold-blooded and may be slowed by cold attacks.
You have a pair of small antennae on your head.
Your large and strong wings let you fly indefinitely.
You have very sharp teeth.
You have large cloven feet.
Scrolls take you longer to read.
You possess an exceptional clarity of mind.
You are covered in fur (AC +1).


Message History

You are covered in liquid flames!
* * * LOW HITPOINT WARNING * * *
The fire vortex hits you.
* * * LOW HITPOINT WARNING * * *
The fire vortex burns you! You resist.
* * * LOW HITPOINT WARNING * * *
The fire vortex dissipates!
The red devil closely misses you. The fire elemental barely misses you.
The toenail golem misses you.
The fire drake bites you but does no damage.
You are covered in liquid flames!
* * * LOW HITPOINT WARNING * * *
The fire elemental misses you.
The hell hog is engulfed in roaring flames.
The hell hog sprays you with burning goo.
The sticky flame hits you! You resist.
You are covered in liquid flames!
* * * LOW HITPOINT WARNING * * *
The red devil hits you from afar with a trident!!
You die...

#### ###§§#
##≈§§≈###
#≈≈≈≈§§§##
#≈≈≈≈§≈§≈###
##≈.4§§§≈≈§##
#≈[h8h≈≈≈≈§§#
##∩hE@.≈≈§§§##
##[#.k≈≈≈§§§# ###
####.≈.#####
..###.
##..###.##.......
##........§≈≈≈≈≈
####....§§≈≈≈≈§
#....§§≈≈§≈≈
##...§§≈≈≈§≈
##..§≈§≈§§§


You could see 3 hell hogs, a toenail golem, a fire drake, a fire elemental and a
red devil.

Vanquished Creatures
  Gastronok (Lair:2)
  5 hydras
  3 fire drakes (Lair:5)
  A griffon (Lair:4)
  A black mamba (Lair:2)
  4 spiny frogs
  A gargoyle (Volcano)
  2 torpor snails (Lair:5)
  6 komodo dragons
  A troll (D:9)
  The ghost of zkyp the Covert, a novice VSAs of Fedhas (D:5)
  12 blink frogs
  14 yaks
  4 hippogriffs
  2 basilisks
  A hog (Lair:4)
  A hungry ghost (D:7)
  Grum (Lair:1)
  11 wolves
  Menkaure (D:7)
  8 water moccasins
  6 porcupines
  3 orc warriors
  4 black bears
  2 sky beasts
  A wasp (Lair:5)
  An ice beast (D:9)
  A phantom (D:6)
  5 ogres
  2 centaurs
  10 crocodiles
  2 big kobolds (D:8)
  10 giant frogs
  9 killer bees
  5 scorpions
  3 crimson imps
  A giant frog zombie (D:5)
  2 jellies
  2 quasits
  4 hounds
  4 orc priests
  A centaur skeleton (D:8)
  5 iguanas
  A giant frog skeleton (D:5)
  8 orc wizards
  Natasha (twice) (D:4)
  4 worker ants
  8 sheep
  Robin (D:2)
  15 adders
  56 river rats
  A shadow imp (D:6)
  2 oozes
  2 adder skeletons
  An adder zombie (D:5)
  3 worms
  3 giant geckos
  21 orcs
  2 giant cockroaches
  16 goblins
  7 hobgoblins
  27 jackals
  2 quokkas (D:4)
  13 bats
  A giant gecko skeleton (D:5)
  3 giant newts
  15 kobolds
  19 rats
397 creatures vanquished.

Vanquished Creatures (collateral kills)
  A hydra (Lair:5)
  A black mamba (Lair:4)
  A torpor snail (Lair:5)
  A blink frog (Lair:4)
  A basilisk (Lair:5)
  2 wolves (Lair:1)
  A porcupine (Lair:5)
  A crocodile (Lair:5)
  An orc wizard (D:3)
10 creatures vanquished.

Vanquished Creatures (others)
  A two-headed ogre (Lair:5)
  Prince Ribbit (Lair:2)
  An orc (D:6)
  A fire vortex (Volcano)
  13 fungi
  5 plants
22 creatures vanquished.

Grand Total: 429 creatures vanquished

Notes
Turn   | Place    | Note
--------------------------------------------------------------
     0 | D:1      | st0uf the Draconian Fighter began the quest for the Orb.
     0 | D:1      | Reached XP level 1. HP: 19/19 MP: 1/1
   127 | D:1      | Reached XP level 2. HP: 23/26 MP: 2/2
   809 | D:2      | Reached XP level 3. HP: 22/31 MP: 3/3
   841 | D:2      | Found a shimmering altar of Xom.
   844 | D:2      | Noticed Robin
   889 | D:2      | Killed Robin
  1039 | D:2      | Found a burning altar of Makhleb.
  1041 | D:2      | Became a worshipper of Xom of Chaos
  1099 | D:2      | Found a glowing golden altar of the Shining One.
  1235 | D:2      | Found a sparkling altar of Nemelex Xobeh.
  1325 | D:2      | Reached skill level 4 in Fighting
  1353 | D:2      | Found a blossoming altar of Fedhas.
  1422 | D:2      | Reached XP level 4. HP: 36/40 MP: 4/4
  1517 | D:2      | Found a deep blue altar of Sif Muna.
  1731 | D:2      | XOM: harmless Pois miscast
  1792 | D:2      | XOM: harmless Erth miscast
  2018 | D:3      | Found a white marble altar of Elyvilon.
  2180 | D:3      | XOM: potion effect (brilliance)
  2184 | D:3      | XOM: summons 3 friendly demons
  2188 | D:3      | Reached XP level 5. HP: 46/46 MP: 5/5
  2552 | D:4      | XOM: noise
  2555 | D:4      | Noticed Natasha
  2561 | D:4      | Killed Natasha
  2573 | D:4      | Found a shattered altar of Ashenzari.
  2681 | D:4      | Found Ylutei Full's Distillery.
  2692 | D:4      | Noticed an ogre
  2757 | D:4      | XOM: divination: magic mapping
  2758 | D:4      | XOM: harmless Fire miscast
  2783 | D:4      | Bought a potion of curing for 33 gold pieces
  2785 | D:4      | XOM: divination: magic mapping
  2865 | D:4      | XOM: potion effect (haste)
  2880 | D:4      | Reached XP level 6. HP: 41/52 MP: 6/6
  2897 | D:4      | XOM: enchant monster (good)
  2942 | D:4      | Reached skill level 5 in Dodging
  2967 | D:4      | XOM: confuse monster(s)
  3074 | D:4      | Noticed Natasha
  3084 | D:4      | Killed Natasha
  3252 | D:5      | Entered Level 5 of the Dungeon
  3307 | D:5      | Reached XP level 7. HP: 53/60 MP: 7/7
  3307 | D:5      | Your scales start taking on a fiery red colour.
  3307 | D:5      | Gained mutation: Your flesh is heat resistant. [Red Draconian growth]
  3312 | D:5      | XOM: divination: detect creatures
  3369 | D:5      | Noticed zkyp's ghost (novice VSAs)
  3382 | D:5      | XOM: enchant monster (good)
  3384 | D:5      | Found a staircase to the Ecumenical Temple.
  3384 | D:5      | XOM: 3-stop teleportation journey
  3451 | D:5      | XOM: vitrification
  3457 | D:5      | Killed zkyp's ghost
  3457 | D:5      | Reached skill level 5 in Shields
  3538 | D:5      | XOM: give mutation
  3538 | D:5      | Gained mutation: You have large cloven feet. [Xom's grace]
  3722 | D:5      | Reached skill level 5 in Fighting
  3852 | D:6      | Reached skill level 6 in Dodging
  4066 | D:6      | Reached XP level 8. HP: 68/68 MP: 8/8
  4242 | D:6      | XOM: summons 4 hostile demons
  4259 | D:6      | XOM: give mutations
  4259 | D:6      | Gained mutation: Your mind is acute. (Int +2) [Xom's grace]
  4259 | D:6      | Gained mutation: You have a pair of small antennae on your head. [Xom's grace]
  4703 | D:6      | XOM: harmless Hex miscast
  4708 | D:6      | XOM: harmless Air miscast
  4763 | D:6      | Reached skill level 5 in Long Blades
  4804 | D:7      | Reached skill level 7 in Dodging
  4884 | D:7      | XOM: scenery: create altars
  5085 | D:7      | XOM: mild Tloc miscast
  5151 | D:7      | XOM: summons 1 hostile demon
  5152 | D:7      | XOM: harmless Pois miscast
  5449 | D:7      | XOM: 6-stop teleportation journey
  5517 | D:7      | XOM: harmless Air miscast
  5525 | D:7      | XOM: god gift: 38 gold pieces
  5565 | D:7      | Reached XP level 9. HP: 49/75 MP: 9/9
  5568 | D:7      | Noticed Menkaure
  5717 | D:8      | XOM: give mutations
  5717 | D:8      | Gained mutation: Your large and strong wings let you fly indefinitely. [Xom's mischief]
  5717 | D:8      | Gained mutation: You are frail (-10% HP). [Xom's mischief]
  5717 | D:8      | Gained mutation: Scrolls take you a little longer to read. [Xom's mischief]
  5832 | D:6      | Reached skill level 8 in Dodging
  6131 | D:8      | Found Wiocs's Book Boutique.
  6189 | D:8      | Found an ancient bone altar of Kikubaaqudgha.
  6193 | D:8      | XOM: harmless Pois miscast
  6381 | D:8      | XOM: butterfly on damage
  6467 | D:7      | XOM: cast spell 'Summon Small Mammal'
  6615 | D:8      | XOM: potion effect (haste)
  6675 | D:7      | Reached skill level 9 in Dodging
  6726 | D:8      | XOM: harmless Air miscast
  6863 | D:6      | XOM: divination: detect creatures
  6948 | D:7      | Killed Menkaure
  7261 | D:8      | Found a staircase to the Lair.
  7264 | D:8      | XOM: harmless Necr miscast
  7521 | D:8      | Reached XP level 10. HP: 75/75 MP: 10/10
  7651 | D:8      | XOM: medium Erth miscast
  7744 | Lair:1   | Entered Level 1 of the Lair of Beasts
  7793 | Lair:1   | XOM: destruction
  7833 | Lair:1   | XOM: noise
  7865 | Lair:1   | XOM: divination: magic mapping
  7874 | Lair:1   | XOM: enchant monster (good)
  7877 | Lair:1   | XOM: summons 5 friendly demons
  8044 | Lair:1   | XOM: summons 7 friendly demons
  8045 | Lair:1   | Noticed Grum
  8063 | Lair:1   | XOM: 2-stop teleportation journey
  8084 | Lair:1   | XOM: give mutations
  8084 | Lair:1   | Gained mutation: Scrolls take you longer to read. [Xom's mischief]
  8084 | Lair:1   | Lost mutation: You are frail (-10% HP). [Xom's mischief]
  8228 | Lair:1   | Killed Grum
  8228 | Lair:1   | Reached skill level 10 in Dodging
  8263 | Lair:1   | XOM: enchant monster (bad)
  8288 | Lair:1   | Noticed a spiny frog
  8303 | Lair:1   | Killed a spiny frog
  8706 | Lair:1   | Identified a scroll of acquirement
  8706 | Lair:1   | Got an encrusted hunting sling
  8707 | Lair:1   | Identified the +1 hunting sling of Instant Death {flame, rElec rF- Dex+4 Stlth+} (You acquired it on level 1 of the Lair of Beasts)
  8725 | Lair:1   | XOM: draining
  8738 | Lair:1   | XOM: silly message
  8743 | Lair:1   | XOM: harmless Tloc miscast
  8747 | Lair:1   | XOM: potion effect (haste)
  8764 | Lair:1   | XOM: potion effect (invisibility)
  8858 | Lair:2   | Found a burning altar of Makhleb.
  8889 | Lair:2   | Noticed Gastronok
  8910 | Lair:2   | XOM: potion effect (curing)
  8916 | Lair:2   | XOM: potion effect (experience)
  8916 | Lair:2   | Reached skill level 10 in Fighting
  8916 | Lair:2   | Reached XP level 11. HP: 58/99 MP: 11/11
  8926 | Lair:2   | XOM: potion effect (berserk rage)
  8936 | Lair:2   | Killed Gastronok
  9218 | Lair:2   | XOM: harmless Fire miscast
  9392 | Lair:2   | Noticed Prince Ribbit
  9421 | Lair:1   | Noticed a four-headed hydra
  9421 | Lair:1   | XOM: silly message
  9442 | Lair:1   | XOM: enchant monster (good)
  9443 | Lair:1   | Killed a seven-headed hydra
  9443 | Lair:1   | Reached skill level 11 in Dodging
  9506 | D:9      | Reached XP level 12. HP: 93/107 MP: 12/12
  9713 | D:9      | Found Jeyss's Armour Shoppe.
  9780 | D:9      | XOM: harmless Fire miscast
  9784 | D:9      | Found a stormy altar of Qazlal.
  9793 | D:9      | Found a snail-covered altar of Cheibriados.
  9793 | D:9      | Found a radiant altar of Vehumet.
  9795 | D:9      | Found a shadowy altar of Dithmenos.
  9967 | D:9      | Found an opulent altar of Gozag.
 10169 | D:10     | Entered Level 10 of the Dungeon
 10198 | D:10     | XOM: harmless Tloc miscast
 10202 | D:10     | XOM: confusion
 10203 | D:10     | Noticed Joseph
 10205 | D:10     | Noticed Snorg
 10207 | D:10     | Found a staircase to the Orcish Mines.
 10224 | D:9      | XOM: enchant monster (good)
 10302 | Lair:2   | XOM: confusion
 10310 | Lair:2   | XOM: fog
 10324 | Lair:2   | XOM: summons 2 friendly demons
 10326 | Lair:2   | XOM: confuse monster(s)
 10328 | Lair:2   | Killed Prince Ribbit
 10456 | Lair:2   | XOM: divination: magic mapping
 10495 | Lair:2   | Reached skill level 10 in Long Blades
 10549 | Lair:2   | XOM: harmless Tloc miscast
 10569 | Lair:2   | XOM: enchant monster (good)
 10666 | Lair:2   | XOM: swap monsters
 10961 | Lair:2   | XOM: noise
 11228 | Lair:3   | Noticed a four-headed hydra
 11232 | Lair:3   | XOM: potion effect (agility)
 11246 | Lair:3   | Killed a six-headed hydra
 11306 | Lair:3   | XOM: harmless Necr miscast
 11343 | Lair:3   | XOM: 2-stop teleportation journey
 11363 | Lair:3   | XOM: divination: detect items
 11382 | Lair:3   | XOM: swap monsters
 11398 | Lair:3   | XOM: summons 2 friendly demons
 11399 | Lair:3   | XOM: fog
 11404 | Lair:3   | XOM: summons 1 friendly demon
 11517 | Lair:3   | Noticed a six-headed hydra
 11518 | Lair:3   | XOM is BORED!
 11518 | Lair:3   | XOM: summons 1 hostile demon
 11535 | Lair:3   | Killed an eight-headed hydra
 12086 | Lair:4   | Found a staircase to the Snake Pit.
 12095 | Lair:4   | XOM: destruction
 12161 | Lair:4   | XOM: give mutation
 12161 | Lair:4   | Gained mutation: You have very sharp teeth. [Xom's grace]
 12270 | Lair:4   | XOM: summons 4 friendly demons
 12368 | Lair:4   | XOM: scenery: create altars
 12377 | Lair:4   | XOM: divination: magic mapping
 12424 | Lair:4   | Reached skill level 12 in Dodging
 12565 | Lair:4   | XOM: potion effect (agility)
 12567 | Lair:4   | Reached skill level 10 in Shields
 12638 | Lair:4   | XOM: confuse monster(s)
 12930 | Lair:4   | XOM: give mutations
 12930 | Lair:4   | Gained mutation: You possess an exceptional clarity of mind. [Xom's grace]
 12930 | Lair:4   | Gained mutation: You are covered in fur (AC +1). [Xom's grace]
 12946 | Lair:4   | XOM: polymorph yak -> hog
 12964 | Lair:4   | XOM: summons friendly white imp
 13002 | Lair:4   | XOM: cast spell 'Hydra Form'
 13014 | Lair:4   | XOM: vitrification
 13047 | Lair:4   | XOM: give mutation
 13047 | Lair:4   | Lost mutation: Your mind is acute. (Int +2) [Xom's mischief]
 13057 | Lair:4   | XOM: draining
 13330 | Lair:5   | XOM: silly message
 13339 | Lair:5   | XOM: medium Ice miscast
 13342 | Lair:5   | Found a snail-covered altar of Cheibriados.
 13342 | Lair:5   | XOM: 2-stop teleportation journey
 13360 | Lair:5   | XOM: summons 8 friendly demons
 13383 | Lair:5   | Noticed a five-headed hydra
 13416 | Lair:5   | XOM: harmless Conj miscast
 13419 | Lair:5   | XOM: summons 6 friendly demons
 13420 | Lair:5   | XOM: polymorph spiny frog -> two-headed ogre
 13423 | Lair:5   | XOM: cast spell 'Summon Butterflies'
 13426 | Lair:5   | XOM: enchant monster (good)
 13458 | Lair:5   | Killed a five-headed hydra
 13458 | Lair:5   | Reached skill level 1 in Evocations
 13458 | Lair:5   | Reached XP level 13. HP: 29/116 MP: 13/13
 13515 | Lair:5   | XOM: potion effect (heal wounds)
 13567 | Lair:5   | XOM: destruction
 13571 | Lair:5   | XOM: summons 8 friendly demons
 13770 | Lair:5   | XOM: cast spell 'Spider Form'
 13772 | Lair:5   | XOM: vitrification
 13808 | Lair:5   | XOM: 1-stop teleportation journey
 13841 | Lair:5   | XOM: summons 6 hostile demons
 13845 | Lair:5   | XOM: 5-stop teleportation journey
 13925 | Lair:5   | XOM: 1-stop teleportation journey
 13957 | Lair:5   | XOM: noise
 14043 | Lair:5   | XOM: harmless Chrm miscast
 14168 | Lair:5   | XOM: severe Tloc miscast
 14332 | Lair:5   | XOM: mild Divn miscast
 14717 | Lair:6   | XOM: repel stairs
 14729 | Lair:6   | XOM: 1-stop teleportation journey
 14746 | Lair:6   | XOM is BORED!
 14746 | Lair:6   | XOM: summons 6 hostile demons
 14770 | Lair:6   | XOM: colour smoke trail
 14776 | Lair:6   | Found a dark tunnel.
 14782 | Volcano  | Entered a volcano
 14819 | Volcano  | XOM: summons 5 hostile shadow creatures
 14828 | Volcano  | Slain by a red devil

Vault maps used:
D:1:      wheals_arrival_linesprint
D:2:      grunt_temple_overflow_open, marbit_many_paths, tso_metal_star,
          fedhas_altar_fruit_tree, lemuel_coloured_pillars_altar, uniq_robin
D:3:      lemuel_round_altar
D:4:      evilmike_ruin_ashenzari, serial_shops, shop, first_bread,
          st_stairs_10, uniq_natasha
D:5:      temple_green
D:6:      minmay_flawed_box, kennysheep_opposing_triangles
D:7:      uniq_menkaure
D:8:      nicolae_overflow_crystal_walls, grunt_lair_entry_orc_guard_hut,
          serial_shops, shop_fountains
D:9:      grunt_gozag_statues, minitemple, serial_shops, nicolae_shop_waterfront
D:10:     erik_orc_4, serial_shops, shop, uniq_erolcha, uniq_snorg, uniq_joseph
Lair:1:   patterned_corridor, uniq_grum
Lair:2:   basic_altar, uniq_gastronok, uniq_prince_ribbit2
Lair:4:   dummy_snake_entry, cheibrodos_lair_caveside_slide,
          infiniplex_staircase_pool, grunt_megastairs_4, serial_bayou_shore_b
Lair:5:   kennysheep_snail_temple, grunt_megastairs_1
Lair:6:   minmay_shoals_entry_hut, minmay_slime_entry_pillars, enter_volcano_4,
          lab_entry_generic, lemuel_fruit_fields
Volcano:  volcano_pools

Action                   |  1- 3 |  4- 6 |  7- 9 | 10-12 | 13-15 || total
-------------------------+-------+-------+-------+-------+-------++-------
Melee: Long sword        |   141 |   199 |   504 |   761 |    92 ||  1697
       Unarmed           |       |       |       |     3 |     4 ||     7
 Abil: Breathe Fire      |       |       |    15 |    29 |     9 ||    53
       Fly               |       |       |     1 |     1 |       ||     2
       Stop Flying       |       |       |     1 |     1 |       ||     2
Evoke: Wand              |       |       |       |     4 |       ||     4
  Use: Scroll            |     5 |     4 |     4 |     8 |     3 ||    24
       Potion            |       |       |     2 |     1 |     1 ||     4
 Stab: Sleeping          |       |     1 |     1 |       |       ||     2
       Confused          |       |     3 |       |     2 |       ||     5
       Invisible         |       |       |       |     6 |       ||     6
       Distracted        |       |       |       |     5 |     1 ||     6
       Petrified         |       |       |       |     1 |       ||     1
       Paralysed         |       |       |       |     1 |       ||     1
  Eat: Chunk             |     2 |     7 |    16 |    27 |     5 ||    57
       Fruit             |       |       |     2 |       |       ||     2
       Beef jerky        |       |       |       |       |     1 ||     1
